 Dungeon Crawl Stone Soup version 0.30-a0-459-g9104f0fc43 (webtiles) character file.

Game seed: 6815968517906520333

410 sleeves the Firebug (level 6, -11/41 HPs)
             Began as a Demonspawn Fire Elementalist on Dec 16, 2022.
             Mangled by an ogre
             ... wielding a +0 giant spiked club
              (16 damage)
             ... on level 4 of the Dungeon.
             The game lasted 00:02:53 (3200 turns).

sleeves the Firebug (Demonspawn Fire Elementalist)  Turns: 3200, Time: 00:02:53

Health: -11/41     AC:  5    Str:  8    XL:     6   Next: 58%
Magic:  8/9        EV: 12    Int: 18    God:
Gold:   137        SH:  0    Dex: 14    Spells: 8/9 levels left

rFire   . . .      SeeInvis .    d - +2 whip (elec)
rCold   . . .      Faith    .    (no shield)
rNeg    . . .      Spirit   .    a - +0 robe
rPois   .          Reflect  .    (no helmet)
rElec   .          Harm     .    (no cloak)
rCorr   .          Rampage  .    (no gloves)
Will    .....                    (no boots)
Stlth   ++........               e - amulet of the acrobat
HPRegen 0.26/turn                (no ring)
MPRegen 0.11/turn                (no ring)

@: no status effects
A: thin metallic scales 2, powered by death 1, demonic magic 1, demonic touch 1
a: no special abilities


You were on level 4 of the Dungeon.
You visited 2 branches of the dungeon, and saw 5 of its levels.

You collected 137 gold pieces.

Inventory:

Hand Weapons
 d - a +2 whip of electrocution (weapon)
   (You found it on level 1 of the Dungeon)
Armour
 a - a +0 robe (worn)
Jewellery
 e - an amulet of the acrobat (around neck)
   (You found it on level 1 of the Dungeon)
Wands
 p - a wand of polymorph (2)
   (You found it on level 3 of the Dungeon)
Scrolls
 f - 3 scrolls of identify {unknown}
 h - 2 scrolls of teleportation {unknown}
 i - a scroll of noise {unknown}
 l - a scroll of enchant armour {unknown}
 m - 2 scrolls of fog {unknown}
 n - a scroll of poison {unknown}
 o - a scroll of immolation {unknown}
Potions
 b - a potion of magic
 c - 3 potions of might {unknown}
 g - 3 potions of curing {unknown}
 j - a potion of degeneration {unknown}
 k - 2 potions of attraction {unknown}
 q - a potion of cancellation {unknown}
 r - 2 potions of mutation {unknown}


   Skills:
 - Level 1.7 Dodging
 - Level 1.7 Stealth
 - Level 2.0 Spellcasting
 + Level 4.8 Conjurations
 + Level 5.1 Fire Magic


You had 8 spell levels left.
You knew the following spells:

 Your Spells              Type           Power      Damage    Failure   Level
a - Foxfire               Conj/Fire      76%        2x1d7     2%          1

Your spell library contained the following spells:

 Spells                   Type           Power      Damage    Failure   Level
 Scorch                   Fire           40%        2d7       3%          2
 Inner Flame              Hex/Fire       11%        N/A       19%         3
 Flame Wave               Conj/Fire      19%        2d7       22%         4
 Kindle Blastsparks       Fire/Tloc/Air  16%        2d11      26%         3


Dungeon Overview and Level Annotations

Branches:
Dungeon (4/15)             Temple (1/1) D:4

Altars:
Ashenzari
Fedhas
Kikubaaqudgha
Makhleb
Okawaru
Ru
Trog
Uskayaw
Yredelemnul


Innate Abilities, Weirdness & Mutations

You are mostly covered in thin metallic scales. (AC +3)
You regenerate a little health from kills.
Spells you cast may paralyse adjacent enemies.
Your touch may inflict minor irresistible damage on your foes.


Message History

No target in view!
No target in view!
No target in view!
You open the door.
Found a stone staircase leading down.
There is an open door here.
There is a stone staircase leading down here.
You now have 45 gold pieces (gained 10).
A ball python comes into view.
Found 15 gold pieces.
Found a stone staircase leading up.
The ball python misses you. x2
A ball python is nearby!
A ball python is nearby!
A ball python is nearby!
You hit the ball python.
You kill the ball python!
No target in view!
No target in view!
No target in view!
No target in view!
You see here a ball python corpse.
There is a stone staircase leading up here.
You now have 60 gold pieces (gained 15).
You see here a +0 falchion of holy wrath.
You see here a +0 falchion of holy wrath.
You see here a +0 falchion of holy wrath.
There is a stone staircase leading down here.
There is an open door here.
There is an open door here.
Things that are here:
a +0 club; a goblin skeleton
There is a stone staircase leading down here.
Key pressed, stopping explore.
You open the door.
A frilled lizard comes into view.
A frilled lizard is nearby!
The frilled lizard hisses angrily.
The frilled lizard completely misses you.
There is an open door here.
You closely miss the frilled lizard.
You touch the frilled lizard.
You kill the frilled lizard!
No target in view!
No target in view!
No target in view!
No target in view!
No target in view!
No target in view!
No target in view!
An adder comes into view.
The adder hisses angrily.
An adder is nearby!
An adder is nearby!
An adder is nearby!
The adder closely misses you.
You closely miss the adder. The adder bites you.
You are poisoned.
The adder poisons you! The adder misses you.
You barely miss the adder. Your touch misses the adder.
You feel sick. The adder barely misses you.
You miss the adder.
You feel sick. The adder bites you but does no damage. The adder misses you.
You barely miss the adder.
You feel sick. The adder barely misses you.
You hit the adder.
The adder is heavily wounded.
You feel sick. The adder barely misses you.
You barely miss the adder.
You touch the adder.
You kill the adder!
You feel sick.
No target in view!
No target in view!
No target in view!
No target in view!
You feel sick.
You are no longer poisoned.
An endoplasm comes into view.
An endoplasm is nearby!
An endoplasm is nearby!
An endoplasm is nearby!
A quokka comes into view.
The endoplasm quivers.
You hit the endoplasm.
You kill the endoplasm!
The quokka completely misses you. The quokka closely misses you.
You hit the quokka.
You touch the quokka.
You kill the quokka!
No target in view!
No target in view!
No target in view!
No target in view!
No target in view!
No target in view!
You see here a quokka corpse.
A ball python comes into view.
Found a viscous puce potion.
The ball python hisses angrily.
A ball python is nearby!
A ball python is nearby!
The ball python completely misses you. The ball python barely misses you.
The ball python misses you. The ball python completely misses you.
You hit the ball python but do no damage.
The ball python misses you. The ball python grabs you.
The ball python constricts you.
You barely miss the ball python.
You touch the ball python.
You kill the ball python!
No target in view!
No target in view!
No target in view!
No target in view!
No target in view!
k - a viscous puce potion A ball python comes into view.
The ball python hisses angrily.
A ball python is nearby!
Found a scroll labelled HIOJEDGH MEDD.
Found a stone staircase leading up.
You closely miss the ball python.
The ball python bites you but does no damage.
The ball python closely misses you.
You hit the ball python.
The ball python is moderately wounded.
The ball python bites you. The ball python grabs you.
The ball python constricts you.
You hit the ball python.
You kill the ball python!
No target in view!
No target in view!
No target in view!
No target in view!
No target in view!
No target in view!
l - a scroll labelled HIOJEDGH MEDD You open the door.
There is an open door here.
A kobold and an endoplasm come into view.
The kobold shouts!
There are monsters nearby!
The kobold throws a stone.
The stone closely misses you.
The kobold throws a stone.
The stone hits you but does no damage.
The endoplasm quivers.
The kobold hits you but does no damage.
You hit the kobold.
You kill the kobold!
The endoplasm freezes you.
You are frozen.
You hit the endoplasm.
You touch the endoplasm.
You kill the endoplasm!
No target in view!
No target in view!
No target in view!
No target in view!
No target in view!
No target in view!
No target in view!
No target in view!
No target in view!
No target in view!
No target in view!
No target in view!
No target in view!
Things that are here:
a +0 short sword; 5 stones You open the door.
A jackal and 2 kobolds come into view.
The kobold shouts!
Found a scroll labelled XECAGY MUTEDD.
There are monsters nearby!
There are monsters nearby!
There are monsters nearby!
There is an open door here.
You closely miss the kobold.
The kobold shouts!
You touch the kobold.
You kill the kobold!
The kobold throws a stone.
The stone closely misses you.
You closely miss the jackal.
The jackal stops to sniff the ground.
The jackal barely misses you. The jackal closely misses you.
You hit the kobold.
The kobold is heavily wounded.
The jackal closely misses you. The kobold hits you but does no damage.
The jackal misses you.
You closely miss the kobold.
You touch the kobold.
You kill the kobold!
The jackal barely misses you.
You hit the jackal.
The jackal is heavily wounded.
The jackal misses you. The jackal closely misses you.
You hit the jackal.
The jackal is almost dead.
The jackal closely misses you.
You closely miss the jackal.
The jackal is almost dead.
The jackal bites you. The jackal closely misses you.
You hit the jackal but do no damage. Your touch misses the jackal.
The jackal is almost dead.
The jackal bites you but does no damage.
You hit the jackal.
You kill the jackal!
No target in view!
No target in view!
No target in view!
No target in view!
f - 2 scrolls labelled XECAGY MUTEDD (gained 1)
You open the door.
A quokka, an adder and a ball python come into view.
There is an open door here.
There are monsters nearby!
There are monsters nearby!
The adder hisses angrily.
The ball python hisses angrily.
The adder closely misses you. The ball python closely misses you.
The ball python barely misses you.
You hit the adder.
The adder is lightly wounded.
The adder closely misses you. The ball python barely misses you.
The ball python grabs you. The ball python constricts you.
The adder bites you but does no damage.
You hit the ball python.
Lightning courses through the ball python!
You kill the ball python!
The adder bites you but does no damage.
You hit the adder.
The adder is severely wounded.
The adder closely misses you. The quokka misses you. The adder bites you.
You closely miss the adder.
The adder is severely wounded.
The quokka barely misses you. The adder bites you. The quokka misses you.
You miss the adder. Your touch misses the adder.
The adder is severely wounded.
The adder bites you but does no damage. The quokka bites you.
You miss the adder.
The adder is severely wounded.
The adder completely misses you.
The quokka bites you but does no damage.
The adder barely misses you.
You miss the adder. Your touch misses the adder.
The adder is severely wounded.
The quokka barely misses you. The adder barely misses you.
The quokka barely misses you.
You closely miss the adder.
You touch the adder.
You kill the adder!
The quokka bites you but does no damage.
You have reached level 4!
You feel agile.
Your demonic ancestry asserts itself...
Thin metallic scales spread over more of your body.
You conjure some foxfire!
The quokka bites you.
You conjure some foxfire!
The foxfire hits the quokka.
The quokka is moderately wounded.
The quokka barely misses you.
You hit the quokka. Your touch misses the quokka.
The quokka is heavily wounded.
The foxfire hits the quokka.
You kill the quokka!
Your foxfire dissipates!
Your foxfire dissipates!
Key pressed, stopping explore.
No target in view!
You open the door.
There is an open door here.
You now have 72 gold pieces (gained 12).
You now have 84 gold pieces (gained 12).
You now have 94 gold pieces (gained 10).
c - 3 fuming puce potions (gained 2)
There is an open door here.
You open the door.
A bat and a ball python come into view.
The ball python hisses angrily.
The bat moves out of view.
A ball python is nearby!
A dart slug comes into view.
The ball python bites you but does no damage.
The ball python completely misses you.
There is an open door here.
You whack the ball python!
You kill the ball python!
The dart slug misses you.
You hit the dart slug.
You touch the dart slug.
You kill the dart slug!
You hit the bat. Your touch misses the bat.
The bat is moderately wounded.
The bat barely misses you. The bat misses you.
You hit the bat.
You kill the bat!
No target in view!
You open the door.
There is an open door here.
Things that are here:
a +0 short sword; 5 stones
There is an open door here.
You open the door.
There is an open door here.
There is an open door here.
Done exploring.
Done exploring.
Done exploring.
No target in view!
No target in view!
No target in view!
No target in view!
No target in view!
No target in view!
Done exploring.
Done exploring.
(D) Dungeon
Where to? (Enter - D:2, ? - help)
There is a stone staircase leading down here.
You climb downwards.
There is a stone staircase leading up here.
m - a scroll labelled ZUCVUPLURO A ball python comes into view.
Found a stone staircase leading down.
The ball python hisses angrily.
A ball python is nearby!
The ball python closely misses you. x2; The ball python completely misses you.
The ball python barely misses you.
You closely miss the ball python. The ball python barely misses you.
The ball python closely misses you.
You hit the ball python.
You kill the ball python!
No target in view!
No target in view!
No target in view!
No target in view!
No target in view!
No target in view!
There is a stone staircase leading down here.
You see here a ball python corpse.
k - 2 viscous puce potions (gained 1)
A hobgoblin comes into view.
A hobgoblin is nearby!
A hobgoblin is nearby!
A hobgoblin is nearby!
The hobgoblin shouts!
A hobgoblin comes into view.
The hobgoblin shouts!
A quokka comes into view.
You hit the hobgoblin.
Lightning courses through the hobgoblin!!
You kill the hobgoblin!
Your Conjurations skill increases to level 3!
You see here a hobgoblin corpse.
The hobgoblin closely misses you.
You hit the hobgoblin.
You touch the hobgoblin.
You kill the hobgoblin!
You miss the quokka. The quokka closely misses you.
You closely miss the quokka.
The quokka twitches its whiskers.
The quokka closely misses you. The quokka bites you.
You hit the quokka.
The quokka is severely wounded.
The quokka barely misses you.
You hit the quokka.
You kill the quokka!
HP restored.
A hobgoblin comes into view.
A hobgoblin is nearby!
Found a stone staircase leading down.
A scorpion comes into view.
The hobgoblin shouts!
You completely miss the hobgoblin. The hobgoblin misses you.
An endoplasm comes into view.
You closely miss the hobgoblin.
The hobgoblin hits you but does no damage. x2
You hit the hobgoblin.
You touch the hobgoblin.
You kill the hobgoblin!
Found a club.
You closely miss the scorpion. The scorpion closely misses you.
You hit the scorpion.
The scorpion is lightly wounded.
The scorpion stings you.
You are poisoned.
The scorpion poisons you! The scorpion barely misses you.
The endoplasm hits you but does no damage.
You barely miss the scorpion.
You touch the scorpion!
The scorpion is heavily wounded.
You feel sick.
The scorpion stings you but does no damage.
The endoplasm hits you but does no damage.
There are monsters nearby!
There are monsters nearby!
You conjure some foxfire!
You feel sick.
The scorpion stings you but does no damage.
The endoplasm freezes you.
You are frozen.
You are too injured to fight recklessly!
You are too injured to fight recklessly!
You are too injured to fight recklessly!
Casting: Foxfire (safe; 4% risk of failure)
Confirm with . or Enter, or press ? or * to list all spells.
You conjure some foxfire!
You feel sick.
The foxfire hits the endoplasm.
The endoplasm is heavily wounded.
The foxfire hits the scorpion.
The scorpion is severely wounded.
The scorpion misses you. The endoplasm closely misses you.
The scorpion closely misses you.
Casting: Foxfire (safe; 4% risk of failure)
Confirm with . or Enter, or press ? or * to list all spells.
You conjure some foxfire!
You feel sick.
The foxfire hits the endoplasm.
You kill the endoplasm!
The foxfire hits the scorpion.
The scorpion is severely wounded.
The scorpion barely misses you.
Casting: Foxfire (safe; 4% risk of failure)
Confirm with . or Enter, or press ? or * to list all spells.
You conjure some foxfire!
You feel sick.
The foxfire hits the scorpion but does no damage.
The scorpion is severely wounded.
The foxfire hits the scorpion.
The scorpion is almost dead.
The scorpion closely misses you.
Casting: Foxfire (safe; 4% risk of failure)
Confirm with . or Enter, or press ? or * to list all spells.
You conjure some foxfire!
You feel sick.
The foxfire hits the scorpion.
You kill the scorpion!
Your Fire Magic skill increases to level 4!
You have reached level 5!
Your demonic ancestry asserts itself...
A wave of death washes over you.
You feel sick.
You are no longer poisoned.
Your foxfire dissipates!
Your foxfire dissipates!
Your foxfire dissipates!
Magic restored.
Found an escape hatch in the ceiling.
There is an escape hatch in the ceiling here.
n - a scroll labelled FAOVIBLUED
Found an escape hatch in the floor.
Found a stone staircase leading up.
There is an escape hatch in the floor here.
A ball python comes into view.
A ball python is nearby!
A ball python is nearby!
A ball python is nearby!
The ball python misses you. The ball python barely misses you.
You closely miss the ball python. The ball python bites you.
The ball python barely misses you.
You hit the ball python but do no damage.
Lightning courses through the ball python!
You kill the ball python!
No target in view!
No target in view!
No target in view!
No target in view!
No target in view!
No target in view!
No target in view!
No target in view!
You see here a ball python corpse.
A ball python comes into view.
The ball python hisses angrily.
A ball python is nearby!
A ball python is nearby!
You whack the ball python!
You kill the ball python!
No target in view!
No target in view!
No target in view!
No target in view!
No target in view!
No target in view!
No target in view!
You see here a ball python corpse.
You see here a +0 club.
You now have 105 gold pieces (gained 11).
m - 2 scrolls labelled ZUCVUPLURO (gained 1)
You now have 114 gold pieces (gained 9).
You see here a +0 club.
Found a whip.
An adder comes into view.
Found a leather armour and 2 gold pieces.
An adder is nearby!
A jackal comes into view.
The adder hisses angrily.
The adder barely misses you.
You miss the adder.
You touch the adder!
You kill the adder!
A jackal comes into view.
A jackal comes into view.
The jackal barks!
You hear a shout!
An orc comes into view. It is wielding a +0 falchion.
The orc shouts!
The jackal barks!
You hear an angry hiss.
A frilled lizard comes into view.
You closely miss the jackal.
You touch the jackal.
You kill the jackal!
The jackal closely misses you.
You hit the jackal.
You touch the jackal.
You kill the jackal!
An orc comes into view. It is wielding a +0 short sword.
The jackal bites you but does no damage.
The orc hits you with a +0 falchion.
A worm comes into view.
You barely miss the orc.
The jackal bites you but does no damage.
The orc hits you with a +0 falchion. The jackal misses you.
You barely miss the orc. The jackal completely misses you.
The orc closely misses you.
There are monsters nearby!
There are monsters nearby!
There are monsters nearby!
You conjure some foxfire!
The jackal bites you but does no damage.
The frilled lizard bites you. The orc hits you with a +0 falchion.
The jackal barely misses you.
You conjure some foxfire!
The foxfire hits the orc.
The orc is heavily wounded.
The foxfire hits the orc.
The orc is severely wounded.
The jackal closely misses you. The orc hits you but does no damage.
The frilled lizard bites you but does no damage.
You conjure some foxfire!
The foxfire hits the jackal.
The jackal is severely wounded.
The foxfire hits the orc.
You kill the orc!
The jackal closely misses you. The frilled lizard closely misses you.
You conjure some foxfire!
The foxfire hits the jackal.
You kill the jackal!
The frilled lizard bites you but does no damage.
The foxfire hits the orc.
The orc is heavily wounded.
You conjure some foxfire!
The foxfire hits the frilled lizard.
The frilled lizard is heavily wounded.
The foxfire hits the frilled lizard.
You kill the frilled lizard!
The orc barely misses you.
You conjure some foxfire!
The foxfire hits the orc but does no damage.
The orc is heavily wounded.
The foxfire hits the orc.
The orc is severely wounded.
The orc closely misses you.
You conjure some foxfire!
* * * LOW MAGIC WARNING * * *
The orc closely misses you.
The foxfire hits the orc.
The orc is almost dead.
You conjure some foxfire!
* * * LOW MAGIC WARNING * * *
The foxfire hits the orc.
You kill the orc!
The foxfire hits the worm but does no damage.
The foxfire hits the worm.
The worm is lightly wounded.
You are out of magic!
You are out of magic!
You are out of magic!
You are out of magic!
You are out of magic!
You hit the worm. Lightning courses through the worm!
You kill the worm!
No target in view!
No target in view!
No target in view!
No target in view!
No target in view!
No target in view!
No target in view!
No target in view!
No target in view!
No target in view!
No target in view!
Your foxfire dissipates! x2
You now have 116 gold pieces (gained 2).
Found 11 stones.
Found a stone staircase leading down.
o - a scroll labelled SELETTOTUOS
Found a plate armour.
You now have 127 gold pieces (gained 11).
You see here a +0 plate armour.
Found a stone staircase leading up.
You now have 137 gold pieces (gained 10).
Found a hand axe and a mace.
You see here a +0 hand axe.
You see here a +0 hand axe.
There is a stone staircase leading up here.
You see here a +0 mace.
Found 3 stones.
p - a wand of polymorph (2)
There is a stone staircase leading up here.
A quokka comes into view.
A quokka is nearby!
A quokka is nearby!
A quokka is nearby!
A quokka is nearby!
The quokka closely misses you.
You hit the quokka.
The quokka is lightly wounded.
The quokka closely misses you.
You hit the quokka. Your touch misses the quokka.
The quokka is severely wounded.
The quokka bites you.
You miss the quokka. Your touch misses the quokka.
The quokka is severely wounded.
The quokka bites you. x2
You hit the quokka but do no damage. Your touch misses the quokka.
The quokka is severely wounded.
The quokka closely misses you.
You barely miss the quokka.
The quokka is severely wounded.
The quokka bites you.
You hit the quokka.
You kill the quokka!
No target in view!
You see here a +0 club.
Done exploring.
Done exploring.
Done exploring.
Done exploring.
No target in view!
(D) Dungeon
Where to? (Enter - D:3, ? - help)
There is a stone staircase leading down here.
You climb downwards.
The adder hisses angrily.
The hobgoblin shouts!
The gnoll shouts!
You hear a shout!
Found 5 stones, a fizzy purple potion and a scroll labelled XECAGY MUTEDD.
There is a stone staircase leading up here.
There are monsters nearby!
There are monsters nearby!
There are monsters nearby!
There are monsters nearby!
You conjure some foxfire!
A scorpion comes into view.
You conjure some foxfire!
The foxfire hits the phantom but does no damage.
The foxfire hits the gnoll.
The gnoll is lightly wounded.
A gnoll comes into view. It is wielding a +0 club.
A kobold comes into view. It is wielding a +0 whip.
You conjure some foxfire!
The foxfire hits the hobgoblin!
You kill the hobgoblin!
The foxfire hits the kobold.
You kill the kobold!
The foxfire hits the adder.
The adder is moderately wounded.
The foxfire hits the phantom.
The phantom is lightly damaged.
The adder bites you but does no damage. The gnoll closely misses you.
The phantom completely misses you.
You climb upwards.
There is a stone staircase leading down here.
The phantom attacks as you move away!
The phantom hits you but does no damage.
The gnoll attacks as you move away! The gnoll hits you with a +0 club.
The phantom attacks as you move away! The phantom misses you.
The phantom attacks as you move away! The phantom completely misses you.
The phantom attacks as you move away! The phantom completely misses you.
You closely miss the phantom.
The phantom is lightly damaged.
The phantom hits you!
You miss the phantom. Your touch misses the phantom.
The phantom is lightly damaged.
The phantom hits you but does no damage.
You hit the phantom. Lightning courses through the phantom!
Your touch misses the phantom.
The phantom is almost destroyed.
The phantom misses you.
You hit the phantom. Lightning courses through the phantom!
You destroy the phantom!
Your Conjurations skill increases to level 4!
You closely miss the gnoll. Your touch misses the gnoll.
The gnoll is lightly wounded.
The gnoll misses you.
You barely miss the gnoll.
You touch the gnoll!
The gnoll is almost dead.
The gnoll closely misses you.
You hit the gnoll. Lightning courses through the gnoll!
You kill the gnoll!
You see here a +0 club.
HP restored.
Magic restored.
Done exploring.
Done exploring.
There is a stone staircase leading down here.
You climb downwards.
There is a stone staircase leading up here.
An adder is nearby!
An adder is nearby!
An adder is nearby!
You conjure some foxfire!
The adder hisses angrily.
You conjure some foxfire!
The foxfire hits the adder!
The adder is severely wounded.
You conjure some foxfire!
The foxfire hits the adder.
The adder is severely wounded.
The foxfire hits the adder.
The adder is almost dead.
The foxfire hits the adder.
You kill the adder!
You have reached level 6!
Your demonic ancestry asserts itself...
A menacing aura infuses your magic.
You conjure some foxfire!
Malevolent energies surge around you.
The foxfire hits the scorpion.
The scorpion is moderately wounded.
You conjure some foxfire!
Malevolent energies surge around you.
The foxfire hits the scorpion but does no damage.
The scorpion is moderately wounded.
You conjure some foxfire!
Malevolent energies surge around you.
Your foxfire dissipates!
The foxfire hits the scorpion but does no damage.
The scorpion is moderately wounded.
The foxfire hits the scorpion.
The scorpion is moderately wounded.
The foxfire hits the scorpion but does no damage.
The scorpion is moderately wounded.
You conjure some foxfire!
Malevolent energies surge around you.
* * * LOW MAGIC WARNING * * *
The foxfire hits the scorpion.
The scorpion is heavily wounded.
You conjure some foxfire!
Malevolent energies surge around you.
* * * LOW MAGIC WARNING * * *
The foxfire hits the scorpion.
The scorpion is almost dead.
The foxfire hits the scorpion.
You kill the scorpion!
The foxfire hits the gnoll.
The gnoll is moderately wounded.
You are out of magic!
You are out of magic!
You are out of magic!
Your foxfire dissipates!
The gnoll hits you from afar with a +0 spear.
The foxfire hits the gnoll.
The gnoll is heavily wounded.
Found a ring mail.
The gnoll misses you.
You closely miss the gnoll.
The gnoll is heavily wounded.
The gnoll barely misses you.
You barely miss the gnoll. Your touch misses the gnoll.
The gnoll is heavily wounded.
The gnoll completely misses you.
You hit the gnoll.
You touch the gnoll.
You kill the gnoll!
The gnoll hits you with a +0 club. The gnoll barely misses you.
You hit the gnoll.
The gnoll is moderately wounded.
The gnoll hits you with a +0 club.
You hit the gnoll. Lightning courses through the gnoll!
You kill the gnoll!
No target in view!
No target in view!
No target in view!
No target in view!
No target in view!
No target in view!
No target in view!
No target in view!
HP restored.
Magic restored.
Things that are here:
a +0 spear; a gnoll corpse
There is a stone staircase leading up here.
q - a fizzy purple potion
f - 3 scrolls labelled XECAGY MUTEDD (gained 1)
An endoplasm comes into view.
An endoplasm is nearby!
You conjure some foxfire!
Malevolent energies surge around you.
You conjure some foxfire!
Malevolent energies surge around you.
You conjure some foxfire!
Malevolent energies surge around you.
The foxfire hits the endoplasm.
You kill the endoplasm!
Your foxfire dissipates!
You conjure some foxfire!
Malevolent energies surge around you.
Your foxfire dissipates! x2
You conjure some foxfire!
Malevolent energies surge around you.
Your foxfire dissipates! x2
You conjure some foxfire!
Malevolent energies surge around you.
Your foxfire dissipates! x2
Your foxfire dissipates! x2
Your foxfire dissipates! x2
An endoplasm comes into view.
An endoplasm is nearby!
An endoplasm is nearby!
An endoplasm is nearby!
You conjure some foxfire!
Malevolent energies surge around you.
You conjure some foxfire!
Malevolent energies surge around you.
The endoplasm quivers.
You conjure some foxfire!
Malevolent energies surge around you.
The foxfire hits the endoplasm.
The endoplasm is severely wounded.
The foxfire hits the endoplasm.
You kill the endoplasm!
Your foxfire dissipates!
Your Fire Magic skill increases to level 5!
You conjure some foxfire!
Malevolent energies surge around you.
Unknown command.
You start resting.
Your foxfire dissipates! x3
Unknown command.
Okay, then.
Unknown command.
Unknown command.
Unknown command.
Unknown command.
Your foxfire dissipates!
Magic restored.
An iguana comes into view.
You conjure some foxfire!
Malevolent energies surge around you.
You conjure some foxfire!
Malevolent energies surge around you.
You conjure some foxfire!
Malevolent energies surge around you.
The iguana hisses angrily.
The foxfire hits the iguana.
The iguana is lightly wounded.
The foxfire hits the iguana.
The iguana is moderately wounded.
Your foxfire dissipates!
You miscast Foxfire.
You are very lightly contaminated with residual magic.
Nothing appears to happen.
Your foxfire dissipates!
The foxfire hits the iguana.
The iguana is severely wounded.
You conjure some foxfire!
Malevolent energies surge around you.
The foxfire hits the iguana but does no damage.
The iguana is severely wounded.
You conjure some foxfire!
Malevolent energies surge around you.
The foxfire hits the iguana but does no damage.
The iguana is severely wounded.
The foxfire hits the iguana.
The iguana is almost dead.
The foxfire hits the iguana.
You kill the iguana!
Your foxfire dissipates!
Your magical contamination has completely faded away.
You see here an iguana corpse.
An orc priest comes into view. It is wielding a +0 mace.
Found a staircase to the Ecumenical Temple.
An orc priest is nearby!
An orc priest is nearby!
An orc priest is nearby!
The helpless orc priest fails to defend itself.
You hit the orc priest. Your touch misses the orc priest.
The orc priest is moderately wounded.
The orc priest looks encouraged for a moment.
You hit the orc priest.
The orc priest is heavily wounded.
The orc priest hits you with a +0 mace.
You hit the orc priest.
You touch the orc priest.
You kill the orc priest!
No target in view!
No target in view!
No target in view!
No target in view!
No target in view!
No target in view!
There is a staircase to the Ecumenical Temple here.
You see here a +0 mace.
You climb downwards.
Welcome to the Ecumenical Temple!
Found a sacrificial altar of Ru and a glowing golden altar of the Shining One.
There is a staircase back to the Dungeon here.
HP restored.
Found a hide-covered altar of Uskayaw.
Found a blossoming altar of Fedhas.
Found a bloodstained altar of Trog.
There is a bloodstained altar of Trog here.
Found a burning altar of Makhleb.
There is a glowing golden altar of the Shining One here.
There is a glowing golden altar of the Shining One here.
Found a broken altar of Ashenzari.
Found an iron altar of Okawaru.
Found a basalt altar of Yredelemnul.
There is a basalt altar of Yredelemnul here.
Done exploring.
Done exploring.
Done exploring.
Done exploring.
Unknown command.
(D) Dungeon (T) Temple
Where to? (Enter - D:3 @ (x,y), ? - help)
There is a staircase back to the Dungeon here.
You climb upwards.
Welcome back to the Dungeon!
There is a staircase to the Ecumenical Temple here.
You see here a +0 mace.
Found a stone staircase leading down.
There is a stone staircase leading down here.
An orc comes into view. It is wielding a +0 hand axe.
An orc is nearby!
An orc is nearby!
You conjure some foxfire!
Malevolent energies surge around you.
You conjure some foxfire!
Malevolent energies surge around you.
You conjure some foxfire!
Malevolent energies surge around you.
The foxfire hits the orc.
The orc is moderately wounded.
Your foxfire dissipates!
You conjure some foxfire!
Malevolent energies surge around you.
Your foxfire dissipates!
You conjure some foxfire!
Malevolent energies surge around you.
Your foxfire dissipates!
The foxfire hits the orc.
You kill the orc!
Your foxfire dissipates! x2
Your foxfire dissipates!
Your foxfire dissipates! x2
Magic restored.
Found a stone staircase leading up.
Found a stone staircase leading down.
There is a stone staircase leading up here.
There is a stone staircase leading down here.
There is a stone staircase leading down here.
An orc comes into view. It is wielding a +0 whip.
Found 2 brown potions.
An orc is nearby!
You conjure some foxfire!
Malevolent energies surge around you.
You conjure some foxfire!
Malevolent energies surge around you.
The foxfire hits the orc.
The orc is severely wounded.
You conjure some foxfire!
Malevolent energies surge around you.
The foxfire hits the orc.
You kill the orc!
You conjure some foxfire!
Malevolent energies surge around you.
Your foxfire dissipates! x4
Your foxfire dissipates!
An orc comes into view. It is wielding a +0 mace.
The orc shouts!
An orc is nearby!
An orc is nearby!
You conjure some foxfire!
Malevolent energies surge around you.
You conjure some foxfire!
Malevolent energies surge around you.
The foxfire hits the orc.
The orc is lightly wounded.
The foxfire hits the orc!
You kill the orc!
You conjure some foxfire!
Malevolent energies surge around you.
Your foxfire dissipates!
Your foxfire dissipates! x3
Things that are here:
a +0 mace; a +0 leather armour
r - 2 brown potions Key pressed, stopping explore.
Found a long sword.
You see here a +0 long sword.
An orc comes into view. It is wielding a +0 short sword.
An orc is nearby!
An orc is nearby!
You conjure some foxfire!
Malevolent energies surge around you.
You conjure some foxfire!
Malevolent energies surge around you.
You conjure some foxfire!
Malevolent energies surge around you.
You conjure some foxfire!
Malevolent energies surge around you.
The foxfire hits the orc but does no damage.
The foxfire hits the orc.
The orc is heavily wounded.
The foxfire hits the orc.
You kill the orc!
Your foxfire dissipates!
Your foxfire dissipates!
Your foxfire dissipates! x2
Found an ancient bone altar of Kikubaaqudgha.
Things that are here:
a +0 short sword; a +0 leather armour; an orc corpse
Found a stone staircase leading down.
h - 2 scrolls labelled OCUAZO OGAISCH (gained 1)
There is a stone staircase leading down here.
A dart slug comes into view.
A dart slug is nearby!
A dart slug is nearby!
You conjure some foxfire!
Malevolent energies surge around you.
You conjure some foxfire!
Malevolent energies surge around you.
You conjure some foxfire!
Malevolent energies surge around you.
Your foxfire dissipates!
You conjure some foxfire!
Malevolent energies surge around you.
The foxfire hits the dart slug.
The dart slug is lightly wounded.
The foxfire hits the dart slug.
The dart slug is severely wounded.
A dart slug is nearby!
A dart slug is nearby!
A dart slug is nearby!
A dart slug is nearby!
You conjure some foxfire!
Malevolent energies surge around you.
Your foxfire dissipates!
The foxfire hits the dart slug.
The dart slug is severely wounded.
You conjure some foxfire!
Malevolent energies surge around you.
The foxfire hits the dart slug.
You kill the dart slug!
Your foxfire dissipates!
Your foxfire dissipates! x3
Your foxfire dissipates!
g - 3 cyan potions (gained 2)
An ogre comes into view. It is wielding a +0 giant spiked club.
The ogre shouts!
You hear an angry hiss.
An ogre is nearby!
An ogre is nearby!
An ogre is nearby!
You conjure some foxfire!
Malevolent energies surge around you.
An adder comes into view.
The ogre hits you with a +0 giant spiked club!
You are too injured to fight recklessly!
You are too injured to fight recklessly!
Your foxfire dissipates!
You hit the ogre.
The ogre is moderately wounded.
The ogre closely misses you.
You hit the ogre. Lightning courses through the ogre!
Your touch misses the ogre.
The ogre is severely wounded.
The ogre barely misses you.
You hit the ogre. Your touch misses the ogre.
The ogre is severely wounded.
You barely miss the ogre. You punch the ogre.
The ogre is severely wounded.
The ogre hits you with a +0 giant spiked club!!
Ouch! That really hurt!
* * * LOW HITPOINT WARNING * * *
You hit the ogre. Your touch misses the ogre.
The ogre is almost dead.
The ogre hits you with a +0 giant spiked club!
You die...

#### ##..#
##......# #.#
...## #..##
##.....# #.#
....# ##..#
#.....## ##.#
#...# ##..#
##......###..##
##..# #...#
##...#....##...#
#..# ##..##
##..#####.......#
#..## ##..##
#..## ##.....##
##...###...#
###..# ##...##
#...###...##
#.@.## #####
...###....# #O###
#### #....# #S. #
##...# #.## #...#
... #...###....
##)......_. #
#...#.#..... ##
##...#.#


You could see an ogre and an adder.

Vanquished Creatures
  A phantom (D:3)
  2 scorpions
  An orc priest (D:4)
  An iguana (D:4)
  3 gnolls
  5 adders
  2 worms
  4 dart slugs
  6 orcs
  10 ball pythons
  5 bats
  7 endoplasms
  2 goblins
  6 hobgoblins
  4 jackals
  6 quokkas
  3 frilled lizards
  5 kobolds
  2 rats
75 creatures vanquished.

Vanquished Creatures (others)
  135 foxfires
135 creatures vanquished.

Grand Total: 210 creatures vanquished

Notes
Turn   | Place    | Note
-------+----------+-------------------------------------------
     0 | D:1      | sleeves the Demonspawn Fire Elementalist began the quest
                  | for the Orb.
     0 | D:1      | Reached XP level 1. HP: 13/13 MP: 3/3
   347 | D:1      | Reached skill level 3 in Fire Magic
   364 | D:1      | Gained mutation: Your touch may inflict minor irresistible
                  | damage on your foes. [demonic ancestry]
   364 | D:1      | Reached XP level 2. HP: 19/19 MP: 5/5
   784 | D:2      | HP: 9/19 [poisoned by an adder]
   789 | D:2      | Reached skill level 2 in Conjurations
  1009 | D:2      | Gained mutation: You are partially covered in thin metallic
                  | scales. (AC +2) [demonic ancestry]
  1009 | D:2      | Reached XP level 3. HP: 19/24 MP: 6/6
  1529 | D:2      | Gained mutation: You are mostly covered in thin metallic
                  | scales. (AC +3) [demonic ancestry]
  1529 | D:2      | Reached XP level 4. HP: 21/30 MP: 7/7
  1730 | D:3      | Reached skill level 3 in Conjurations
  1760 | D:3      | Noticed a scorpion
  1771 | D:3      | HP: 15/30 [poisoned by a scorpion]
  1772 | D:3      | Killed a scorpion
  1773 | D:3      | Reached skill level 4 in Fire Magic
  1773 | D:3      | Gained mutation: You regenerate a little health from kills.
                  | [demonic ancestry]
  1773 | D:3      | Reached XP level 5. HP: 17/35 MP: 2/8
  2254 | D:4      | Noticed a phantom
  2271 | D:3      | Killed a phantom
  2272 | D:3      | Reached skill level 4 in Conjurations
  2306 | D:4      | Gained mutation: Spells you cast may paralyse adjacent
                  | enemies. [demonic ancestry]
  2306 | D:4      | Reached XP level 6. HP: 41/41 MP: 5/9
  2466 | D:4      | Reached skill level 5 in Fire Magic
  2634 | D:4      | Found a staircase to the Ecumenical Temple.
  2641 | Temple   | Entered the Ecumenical Temple
  3058 | D:4      | Found an ancient bone altar of Kikubaaqudgha.
  3199 | D:4      | HP: 4/41 [ogre/+0 giant spiked club (23)]
  3200 | D:4      | Mangled by an ogre

Illustrated notes

Levels and vault maps discovered:
D:1:      tarquinn_simple_flora_water_d, layout_loops_ring
D:2:      minmay_chambers_of_twos, layout_basic
D:3:      layout_rooms
D:4:      layout_layer_cave, nicolae_overflow_crystal_walls,
          minmay_temple_entry_proselytizer, solitary_fountain
Temple:   dpeg_three_leaves_temple

Skill      XL: |  1  2  3  4  5  6 |
---------------+-------------------+-----
Fire Magic     | 3 4 5 |  5.1
Conjurations   | 2 3 4 |  4.8
Dodging        | |  1.7
Stealth        | |  1.7
Spellcasting   | |  2.0

Action                   |  1- 3 |  4- 6 || total
-------------------------+-------+-------++-------
Melee: Whip              |    80 |    54 ||   134
       Touch             |    12 |    10 ||    22
       Punch             |       |     1 ||     1
 Cast: Foxfire           |    12 |    64 ||    76
 Stab: Sleeping          |     1 |     1 ||     2
Armor: Robe              |    19 |    16 ||    35
Dodge: Dodged            |    84 |    55 ||   139

Table legend: (Time is in decaauts)
 A = Elapsed time spent in this place.
 B = Non-inter-level travel time spent in this place.
 C = Inter-level travel time spent in this place.
 D = Time resting spent in this place.
 E = Time spent auto-exploring this place.
 F = Levels seen in this place.
 G = Mean time per level.
                   A        B        C        D        E       F      G
               +--------+--------+--------+--------+--------+-----+--------+
         Total |   3212 |   3106 |    106 |      2 |   2670 |   5 |  642.4 |
       Dungeon |   3129 |   3038 |     91 |      2 |   2610 |   4 |  782.2 |
        Temple |     82 |     67 |     15 |      0 |     60 |   1 |   82.0 |
               +--------+--------+--------+--------+--------+-----+--------+

Top non-repeatable levels by time:
     D:2: 998 daAuts
     D:4: 824 daAuts
     D:1: 697 daAuts
     D:3: 609 daAuts
  Temple: 82 daAuts
